 Dungeon Crawl Stone Soup version 0.30.0-30-g96aa6591b8 (webtiles) character file.

Game seed: 4575593363874363349

388400 cheesebisquit the Warrior (level 24, -1/187 HPs)
             Began as a Djinni Ice Elementalist on June 30, 2023.
             Was the Champion of Makhleb.
             Killed by divine providence
             ... invoked by a deep elf high priest
              (13 damage)
             ... on level 3 of the Elven Halls.
             The game lasted 04:53:02 (50745 turns).

cheesebisquit the Warrior (DjIE)                   Turns: 50745, Time: 04:53:03

Health: -1/187     AC: 20    Str:  7    XL:     24   Next: 13%
Gold:   2280       EV: 33    Int: 37    God:    Makhleb [******] SH:  5 Dex: 16

rFire   + + .        F - melded staff of conjuration "Jius" {rC++ rCorr Dex-2 SInv}
rCold   + + .        M - melded +2 buckler
rNeg    . . .        P - melded +3 leather armour of Imnulyf {rN+ Int+3 Dex+3}
rPois   ∞            q - melded +1 helmet "Rurheus" {*Corrode +Inv Str+2 Int+3}
rElec   +            V - melded +0 cloak {Stlth+}
rCorr   .            e - melded +2 pair of gloves {hurl}
SInv    +            (boots unavailable)
Will    +++..        J - amulet "Mutij" {Reflect Regen+ Str-3 Int+4 SH+5}
Stlth   ++           Z - ring of willpower
HPRegen 1.31/turn    N - ring "Bulosm" {rF++ rC++ Str+3 Int+6}
MPRegen 0.00/turn

%: reflection, infuse magic (-2 HP)
@: storm-form, death channelling, freezing walls, flying
A: cleaving, insubstantial, flying, sickness immunity, (fire resistance 2),
(cold vulnerability 1), float, innate caster, HP casting, extra vitality 1, see
invisible
}: 2/15 runes: decaying, gossamer
a: Blinkbolt, End Transformation, Renounce Religion, Minor Destruction, Lesser
Servant of Makhleb, Major Destruction, Greater Servant of Makhleb


You were on level 3 of the Elven Halls.
You worshipped Makhleb.
Makhleb was exalted by your worship.
You were a lightning-filled tempest!
You visited 8 branches of the dungeon, and saw 39 of its levels.
You also visited: Ice Cave and Wizlab.

You collected 5805 gold pieces.
You spent 3525 gold pieces at shops.

Inventory:

Hand Weapons
 u - a +6 vampiric dagger
 S - the +0 trident "Beastbane" {heavy, rPois Will++ rCorr Int-5}
   (You took it off a spriggan on level 2 of the Lair of Beasts)

   Int:       It affects your intelligence (-5).
   rPois:     It protects you from poison.
   rCorr:     It protects you from acid and corrosion.
   Will:      It greatly increases your willpower.
Missiles
 d - 5 throwing nets
 o - 11 boomerangs
 w - 10 curare-tipped darts
 y - 4 atropa-tipped darts
 C - 39 poisoned darts
 H - 2 silver boomerangs
 W - 12 javelins
Armour
 e - a +2 pair of gloves of hurling (melded)
 h - the +0 kite shield of Feicwurph {rElec rCorr Slay-5}
   (You found it on level 2 of the Vaults)

   Slay:      It affects your accuracy & damage with ranged weapons and melee
   (-5).
   rElec:     It insulates you from electricity.
   rCorr:     It protects you from acid and corrosion.
 q - the +1 helmet "Rurheus" (melded) {*Corrode +Inv Str+2 Int+3}
   (You acquired it on level 13 of the Dungeon)

   Str:       It affects your strength (+2).
   Int:       It affects your intelligence (+3).
   +Inv:      It lets you turn invisible.
   *Corrode:  It may corrode you when you take damage.
 M - a +2 buckler (melded)
 P - the +3 leather armour of Imnulyf (melded) {rN+ Int+3 Dex+3}
   (You bought it in a shop on level 4 of the Vaults)

   Int:       It affects your intelligence (+3).
   Dex:       It affects your dexterity (+3).
   rN:        It protects you from negative energy.
 T - a +1 leather armour of resistance
 V - a +0 cloak of stealth (melded)
Magical Staves
 F - the staff of conjuration "Jius" (melded) {rC++ rCorr Dex-2 SInv}
   (You acquired it on level 5 of the Lair of Beasts)

   [staff of conjuration]

   Your inability to study Conjurations prevents you from drawing on the full
   power of this staff in melee.
   Base accuracy: +5 Base damage: 5 Base attack delay: 1.2 This weapon's minimum
   attack delay (0.6) is reached at skill level 12.
   Dex:       It affects your dexterity (-2).
   rC:        It greatly protects you from cold.
   SInv:      It lets you see invisible.
   rCorr:     It protects you from acid and corrosion.
   It falls into the 'Staves' category.
   It is a one-handed weapon.
Jewellery
 z - a ring "Qomam" {Fire rPois Dex+3 Stlth+}
   (You found it in a wizard's laboratory)

   [ring of fire]

   It enhances your fire magic.
   Dex:       It affects your dexterity (+3).
   rF:        It protects you from fire.
   rC:        It makes you vulnerable to cold.
   rPois:     It protects you from poison.
   Stlth:     It makes you more stealthy.
 J - the amulet "Mutij" (around neck) {Reflect Regen+ Str-3 Int+4 SH+5}
   (You took it off a gnoll on level 7 of the Dungeon)

   [amulet of reflection]

   It reflects blocked missile attacks.
   Str:       It affects your strength (-3).
   Int:       It affects your intelligence (+4).
   Regen:     It increases your rate of health regeneration.
   SH:        It affects your SH (+5).
 N - the ring "Bulosm" (right fist) {rF++ rC++ Str+3 Int+6}
   (You bought it in a shop on level 2 of the Orcish Mines)

   [ring of intelligence]

   Str:       It affects your strength (+3).
   Int:       It affects your intelligence (+6).
   rF:        It greatly protects you from fire.
   rC:        It greatly protects you from cold.
 Z - a ring of willpower (left fist)
Wands
 a - a wand of iceblast (62)
 l - a wand of digging (23)
 s - a wand of charming (31)
 t - a wand of polymorph (16)
 v - a wand of flame (83)
 G - a wand of acid (7)
 K - a wand of mindburst (48)
Scrolls
 b - 9 scrolls of immolation
 f - 3 scrolls of vulnerability
 g - 7 scrolls of fear
 j - 5 scrolls of blinking
 k - 4 scrolls of fog
 p - 2 scrolls of torment
 A - a scroll of silence
 D - 6 scrolls of poison
 E - 2 scrolls of brand weapon
 L - 13 scrolls of teleportation
 U - 3 scrolls of butterflies
 Y - 4 scrolls of magic mapping
Potions
 i - 6 potions of ambrosia
 m - 8 potions of brilliance
 n - 13 potions of lignification
 r - 7 potions of haste
 x - 3 potions of heal wounds
 B - 4 potions of cancellation
 I - 5 potions of resistance
 O - a potion of invisibility
 Q - 5 potions of berserk rage
 R - 22 potions of curing
 X - a potion of might
Miscellaneous
 c - a phial of floods


   Skills:
 + Level 20.0 Fighting
 + Level 18.5 Dodging
 - Level 1.5 Stealth
 - Level 5.0 Shields
 * Level 17.9 Unarmed Combat
 + Level 16.1 Spellcasting
 + Level 16.9 Invocations


You knew the following spells:

 Your Spells              Type           Power      Damage    Failure   Level
a - Freeze                Ice            100%       1d10      0%          1
b - Frozen Ramparts       Ice            100%       1d16      0%          3
c - Ozocubu's Armour      Ice            99%        N/A       0%          3
d - Summon Ice Beast      Ice/Summ       99%        N/A       0%          4
e - Sting                 Tmut/Pois      100%       1d8       0%          1
f - Passwall              Tmut/Erth      82%        N/A       0%          2
g - Volatile Blastmotes   Fire/Tloc      100%       2d18      0%          3
h - Flame Wave            Conj/Fire      99%        2d21      0%          4
i - Alistair's Intoxicat  Tmut/Pois      66%        N/A       1%          5
j - Irradiate             Conj/Tmut      49%        3d28      1%          5
k - Death Channel         Necr           49%        N/A       1%          6
l - Storm Form            Tmut/Air       49%        N/A       1%          7
m - Malign Gateway        Summ/Tloc      49%        N/A       1%          7
n - Monstrous Menagerie   Summ           49%        N/A       1%          7
z - Simulacrum            Ice/Necr       49%        N/A       1%          6
Your spell library was empty.

Dungeon Overview and Level Annotations

Branches:
Dungeon (15/15)            Temple (1/1) D:7            Lair (5/5) D:9
  Swamp (4/4) Lair:3       Spider (4/4) Lair:2        Slime (0/5) Lair:5
    Orc (2/2) D:12            Elf (3/3) Orc:2        Vaults (5/5) D:13
  Crypt (0/3) Vaults:3     Depths (0/4) D:15          IceCv (visited)
 WizLab (visited)

Altars:
Ashenzari
Cheibriados
Dithmenos
Elyvilon
Fedhas
Gozag
Hepliaklqana
Makhleb
Nemelex Xobeh
Okawaru
Qazlal
Ru
Trog
Uskayaw
Wu Jian
Xom
Yredelemnul
Zin
The Shining One
Lugonu

Shops:
D:1 *   D:2 *   Orc:2 ?[?=   Vaults:3 (:   Vaults:4 [

Portals:
Abyss: Lair:5

Annotations:
Vaults:1 2 transporters


Innate Abilities, Weirdness & Mutations

You are a lightning-filled tempest!
Your electrical attacks strike out in all directions at once.
You are incredibly evasive.
Your insubstantial body is immune to petrification, constriction, and being set on fire You are flying.
Your armour is entirely melded.
You are incapable of wielding weapons or throwing items.
You are immune to sickness and miasma.
You are immune to poison.
((Your flesh is very heat resistant. (rF++)))
((You are vulnerable to cold. (rC-)))
You float through the air rather than walking.
You learn spells naturally, not from books.
Your magical power is your life essence.
You have superior vitality. (+4 MHP)
You have supernaturally acute eyesight. (SInv)


Message History

The wall freezes the deep elf elementalist!
The deep elf elementalist gestures at you while chanting.
The fireball explodes!
The fireball engulfs you!
Your icy armour melts away.
You resist.
* * * LOW HITPOINT WARNING * * *
The fireball engulfs your deep elf annihilator simulacrum!!!
Your deep elf annihilator simulacrum melts!
Your deep elf annihilator simulacrum vaporises!
You hear a sizzling sound!
The fireball engulfs your spectral deep elf annihilator!!
Your spectral deep elf annihilator is destroyed!
The fireball engulfs your deep elf blademaster simulacrum!!!
Your deep elf blademaster simulacrum melts!
The fireball engulfs your deep elf death mage simulacrum!!!
Your deep elf death mage simulacrum melts!
Your deep elf death mage simulacrum vaporises!
You hear a sizzling sound!
The +2 flail of distortion completely resists.
The wall freezes the +2 flail of distortion but does no damage.
The +2 flail of distortion hits your deep elf annihilator simulacrum!
Your deep elf annihilator simulacrum vaporises!
The wall freezes the deep elf high priest!
The deep elf high priest invokes the aid of its god against you.
The sphere of damnation explodes!
The damnation engulfs you!!
* * * LOW HITPOINT WARNING * * *
The damnation engulfs your deep elf blademaster simulacrum!!
Your deep elf blademaster simulacrum vaporises!
The wall freezes the deep elf elementalist but does no damage.
You hear a shout! x7
The wall freezes the air elemental.
The +2 flail of distortion completely resists.
The wall freezes the +2 flail of distortion but does no damage.
The wall freezes the air elemental.
The wall freezes the deep elf high priest.
A deep elf annihilator comes into view. It is wielding a +0 long sword.
The wall freezes the deep elf high priest!
The deep elf high priest invokes the aid of its god against you.
Something smites you!
You die...

##..#.####.##########
#####.# ##....ZZ..<.
#..))#.# ###.#######
#ZZZZ##.# #...#
##ZZ## ## ##### #ZZ#
#Z.# #)Z# #.v# #eE#
#(e# e... ....e
...##.. e.#. ## .####


You could see a deep elf annihilator (empowered), a deep elf sorcerer
(empowered), a deep elf elementalist (fast, empowered, repels missiles, ally
target, simulacrum), 2 deep elf high priests, an air elemental, a +2 flail of
distortion, 2 friendly spectral deep elf annihilators, a friendly spectral deep
elf death mage, a friendly deep elf pyromancer simulacrum, 4 friendly deep elf
high priest simulacra, a friendly deep elf sorcerer simulacrum and a friendly
deep elf death mage simulacrum.

Vanquished Creatures
  Xtahua (Vaults:3)
  An electric golem (WizLab)
  2 tentacled monstrosities (Vaults:4)
  Rupert (Lair:5)
  Asterion (Elf:1)
  4 sphinxes
  A storm dragon (Vaults:4)
  A tengu reaver (Vaults:4)
  A revenant (Vaults:3)
  2 fire giants
  A deep elf sorcerer (Elf:3)
  An emperor scorpion (Spider:4)
  A frost giant (Vaults:2)
  Aizul (Spider:3)
  Louise (D:15)
  4 ghost moths
  The ghost of croobank the Basher, a journeyman GnSu of Gozag (Orc:2)
  9 vault wardens
  A ghoul (Swamp:4)
  9 very ugly things
  4 war gargoyles
  8 ironbound preservers
  8 ironbound thunderhulks
  Nessos (Lair:5)
  A vampire knight (Vaults:3)
  Azrael (Spider:2)
  2 bunyips
  3 deep elf annihilators (Elf:3)
  3 eleionomae
  The ghost of Temous the Basher, a journeyman HuFi of Uskayaw (D:13)
  9 dire elephants
  2 deep elf death magi
  2 spark wasps
  3 ettins
  A fire dragon (D:15)
  2 crystal guardians
  A jiangshi (Vaults:3)
  3 entropy weavers
  6 yaktaur captains
  7 ironbound frosthearts
  Erolcha (Orc:2)
  4 great orbs of eyes
  3 vault guards
  2 jorogumos (Spider:2)
  5 centaur warriors
  8 hydras
  A salamander tyrant (WizLab)
  7 two-headed ogres
  7 peacekeepers
  8 alligators
  14 boulder beetles
  A tengu warrior (D:14)
  14 death yaks
  22 dancing weapons
  An orc high priest (Orc:2)
  Sonja (D:10)
  8 deep elf knights
  3 pharaoh ants
  A sun moth (Spider:2)
  A skyshark (Lair:5)
  A goliath frog (Swamp:1)
  5 skeletal warriors (D:15)
  19 deep trolls
  A spriggan rider (Swamp:3)
  2 orb spiders
  3 wizards
  2 bog bodies
  2 glowing orange brains
  6 swamp dragons
  7 lindwurms
  4 necromancers
  6 orc knights
  18 deep elf zephyrmancers
  3 ironbound convokers
  4 steelbarb worms
  11 ugly things
  14 deep elf pyromancers
  A phantasmal warrior (Vaults:3)
  7 wolf spiders
  2 harpies
  8 deep elf archers
  2 orc sorcerers
  3 manticores
  6 cyclopes
  2 salamanders (WizLab)
  3 black mambas
  A centaur zombie (D:15)
  An ice statue (IceCv)
  5 elephants
  An eye of devastation (Lair:5)
  3 moths of wrath
  5 vault sentinels
  2 molten gargoyles (WizLab)
  A naga mage (D:15)
  2 torpor snails
  8 gargoyles
  2 cane toads
  7 demonic crawlers
  An efreet (D:14)
  2 rime drakes
  12 yaktaurs
  Maggie (Lair:2)
  5 komodo dragons
  A kobold demonologist (D:12)
  10 trolls
  4 meliai (Spider:4)
  A hornet (shapeshifter) (Lair:5)
  5 hornets
  4 polar bears
  5 saltlings (Orc:2)
  15 tarantellas
  7 blink frogs
  A dream sheep (Lair:3)
  9 slime creatures
  3 water elementals
  17 jumping spiders
  2 shadows
  4 wyverns
  4 spriggans
  Sigmund (D:6)
  A ynoxinul (Lair:5)
  19 culicivoras
  A basilisk (Lair:5)
  31 yaks
  3 fire elementals
  3 small abominations (Lair:5)
  4 vampire mosquitoes (Swamp:3)
  2 chaos spawn (Lair:5)
  34 redbacks
  4 steam dragons
  A warg (Orc:2)
  Menkaure (D:4)
  8 swamp worms
  An acid dragon (D:8)
  3 hell hounds (Spider:2)
  9 water moccasins
  A floating eye (Lair:5)
  5 swamp drakes
  22 orc warriors
  A sky beast (D:7)
  4 black bears
  21 wolves
  7 ogres
  A boggart (Lair:2)
  4 centaurs
  2 phantoms
  2 kobold brigands
  Blork the orc (D:4)
  3 earth elementals
  A necrophage (Swamp:1)
  3 gnoll sergeants
  9 bullfrogs
  A scorpion (D:7)
  10 wights
  8 killer bees
  6 electric eels
  3 howler monkeys (D:10)
  2 hounds (D:5)
  A jelly (D:6)
  9 orc priests
  A sleepcap (D:5)
  2 gnoll boudas (D:7)
  Crazy Yiuf (D:2)
  14 orc wizards
  Terence (D:2)
  3 iguanas
  A lightning spire (WizLab)
  Natasha (thrice) (D:2)
  22 gnolls
  14 adders
  7 white imps
  2 ufetubi (D:7)
  A worm (D:2)
  2 dart slugs
  60 orcs
  9 bats
  7 endoplasms
  5 giant cockroaches
  2 goblins
  11 hobgoblins
  4 jackals
  16 kobolds
  A quokka (D:4)
  7 ball pythons
  A frilled lizard (D:2)
  8 rats
975 creatures vanquished.

Vanquished Creatures (collateral kills)
  Boris (Vaults:2)
  the Lernaean hydra (Swamp:4)
  Saint Roka (Vaults:4)
  Frederick (Vaults:3)
  Nikola (Spider:3)
  Arachne (Spider:3)
  A tentacled monstrosity (Vaults:4)
  Zenata (Vaults:2)
  Mlioglotl (Spider:1)
  A deep elf blademaster (Elf:3)
  3 sphinxes
  A tengu reaver (Vaults:4)
  A shadow dragon (Vaults:4)
  Kirke (D:15)
  2 fire giants (Vaults:4)
  A vault warden (Vaults:3)
  2 frost giants (Vaults:4)
  A deep elf sorcerer (Vaults:4)
  A ghost moth (Spider:4)
  An emperor scorpion (Spider:4)
  5 very ugly things
  7 ironbound preservers
  An orc warlord (Orc:2)
  3 broodmothers
  A war gargoyle (Vaults:4)
  A stone giant (Vaults:4)
  4 ghouls
  6 ironbound thunderhulks
  A deep elf demonologist (Elf:1)
  A bunyip (Swamp:1)
  10 dire elephants
  A deep elf annihilator (Elf:3)
  3 eleionomae
  2 crystal guardians (WizLab)
  6 yaktaur captains
  4 great orbs of eyes
  An ettin (WizLab)
  A deep elf high priest (Elf:3)
  5 entropy weavers
  A shambling mangrove (Swamp:2)
  The ghost of Renzlar the Blocker, a journeyman GnFi of Okawaru (Lair:2)
  12 hydras
  3 peacekeepers
  6 vault guards
  2 ironbound frosthearts
  8 centaur warriors
  4 jorogumos
  2 alligators
  A radroach (Spider:2)
  An ogre mage (D:15)
  3 boulder beetles
  A two-headed ogre (D:14)
  5 death yaks
  3 thrashing horrors (Lair:5)
  4 deep elf knights
  2 large abominations (Lair:5)
  5 goliath frogs
  Lodul (D:13)
  A fire crab (shapeshifter) (Lair:5)
  2 skysharks (Lair:5)
  5 pharaoh ants
  2 sun moths
  17 deep trolls
  4 deep elf archers
  A flayed ghost (Vaults:4)
  7 swamp dragons
  12 orb spiders
  A wizard (Vaults:2)
  5 spriggan druids
  4 bog bodies
  An orc knight (Orc:2)
  8 deep elf pyromancers
  2 harpies (Vaults:2)
  7 steelbarb worms
  5 lindwurms
  11 ironbound convokers
  13 wolf spiders
  An orc sorcerer (D:15)
  4 deep elf zephyrmancers (Elf:1)
  2 ugly things
  3 cyclopes (Orc:2)
  3 will-o-the-wisps
  3 elephants
  A black mamba (Lair:4)
  3 demonic crawlers
  A cane toad (Lair:1)
  2 molten gargoyles (WizLab)
  4 torpor snails
  6 vault sentinels
  An eye of devastation (shapeshifter) (Vaults:4)
  2 gargoyles (WizLab)
  2 komodo dragons
  2 centaur skeletons (D:15)
  14 yaktaurs
  An ancient zyme (Lair:5)
  2 trolls (Orc:2)
  13 tarantellas
  2 polar bears
  2 tyrant leeches (Swamp:2)
  11 blink frogs
  2 saltlings
  5 hornets
  3 dream sheep (Lair:3)
  13 jumping spiders
  18 culicivoras
  15 slime creatures
  A wraith (D:13)
  9 spriggans
  2 ynoxinuls (Lair:5)
  A jumping spider (shapeshifter) (D:14)
  22 yaks
  A wyvern (shapeshifter) (Vaults:4)
  A water elemental (Elf:1)
  A fire elemental (Spider:2)
  A wyvern (Lair:5)
  2 basilisks
  A hog (D:15)
  A chaos spawn (Lair:5)
  22 redbacks
  7 vampire mosquitoes
  6 swamp worms
  2 wargs
  4 water moccasins
  6 small abominations (Lair:5)
  5 orc warriors
  5 swamp drakes
  A boggart (Vaults:2)
  7 ogres
  7 wolves
  2 centaurs
  5 bullfrogs
  2 necrophages
  An earth elemental (WizLab)
  4 wights
  A howler monkey (D:6)
  An electric eel (D:10)
  3 orc priests
  A gnoll bouda (D:6)
  8 orc wizards
  A lightning spire (WizLab)
  3 gnolls
  8 white imps
  13 orcs
  A kobold (D:12)
  A butterfly (Lair:5)
571 creatures vanquished.

Vanquished Creatures (others)
  An eldritch tentacle (Vaults:4)
  3 deep elf zephyrmancers
  A torpor snail (Spider:4)
  2 tarantellas
  2 humans (D:15)
  3 redbacks (Spider:3)
  An orc warrior (D:10)
  An orc (D:10)
  A foxfire (Swamp:1)
15 creatures vanquished.

Grand Total: 1561 creatures vanquished

Notes
Turn   | Place    | Note
-------+----------+-------------------------------------------
     0 | D:1      | cheesebisquit the Djinni Ice Elementalist began the quest
                  | for the Orb.
     0 | D:1      | cheesebisquit set off with the following spells memorised:
                  | Freeze, Frozen Ramparts, Ozocubu's Armour, Summon Ice
                  | Beast.
     0 | D:1      | Reached XP level 1. HP: 15/15 MP: 0/0
   141 | D:1      | Reached XP level 2. HP: 20/22 MP: 0/0
   188 | D:1      | Reached skill level 1 in Fighting
   433 | D:1      | Reached XP level 3. HP: 25/27 MP: 0/0
   433 | D:1      | Learned a level 1 spell: Sting
   770 | D:1      | Found Basur's General Store.
   847 | D:1      | Bought a scroll of identify for 26 gold pieces
  1158 | D:2      | Found Doqi Zema's Assorted Antiques.
  1160 | D:2      | Noticed Natasha
  1167 | D:2      | Killed Natasha
  1168 | D:2      | Reached skill level 2 in Fighting
  1168 | D:2      | Reached XP level 4. HP: 19/33 MP: 0/0
  1304 | D:2      | Noticed Terence
  1481 | D:2      | Killed Terence
  1636 | D:2      | Noticed Natasha
  1757 | D:2      | Killed Natasha
  1758 | D:2      | Reached skill level 3 in Fighting
  1758 | D:2      | Reached XP level 5. HP: 32/40 MP: 0/0
  1758 | D:2      | Learned a level 2 spell: Passwall
  2365 | D:2      | Found a runed translucent door.
  2366 | D:2      | Noticed Crazy Yiuf
  2776 | D:2      | Killed Crazy Yiuf
  2953 | D:3      | Reached XP level 6. HP: 27/46 MP: 0/0
  3517 | D:3      | Found a burning altar of Makhleb.
  3523 | D:3      | Became a worshipper of Makhleb the Destroyer
  3903 | D:4      | Noticed Blork the orc
  3915 | D:4      | Killed Blork the orc
  3916 | D:4      | Reached skill level 4 in Fighting
  4474 | D:1      | Bought a scroll of teleportation for 39 gold pieces
  4474 | D:1      | Bought a potion of cancellation for 104 gold pieces
  4661 | D:2      | Bought 2 scrolls labelled JUGUUW ZUFETIE for 44 gold pieces
  4841 | D:4      | Noticed a black bear
  4845 | D:4      | Killed a black bear
  4846 | D:4      | Reached skill level 5 in Spellcasting
  4846 | D:4      | Reached XP level 7. HP: 38/53 MP: 0/0
  4846 | D:4      | Learned a level 3 spell: Volatile Blastmotes
  4913 | D:4      | Noticed Menkaure
  5161 | D:5      | Entered Level 5 of the Dungeon
  5243 | D:5      | Noticed a water moccasin
  5250 | D:5      | Killed a water moccasin
  5251 | D:5      | Reached skill level 5 in Fighting
  5289 | D:5      | Identified the ring of Due Proportion {Fly rC- Will+ Str+7}
  5312 | D:5      | Found a hazy altar of Hepliaklqana.
  5546 | D:5      | Reached XP level 8. HP: 50/60 MP: 0/0
  5954 | D:5      | Reached skill level 6 in Fighting
  6215 | D:5      | Reached * piety under Makhleb
  6783 | D:1      | Found Basur's General Store.
  7505 | D:2      | Noticed Natasha
  7517 | D:2      | Killed Natasha
  7559 | D:2      | Found Doqi Zema's Assorted Antiques.
  8320 | D:3      | Found a burning altar of Makhleb.
  8940 | D:6      | Reached skill level 7 in Fighting
  9468 | D:6      | Noticed Sigmund
  9477 | D:5      | Reached XP level 9. HP: 41/68 MP: 0/0
  9477 | D:5      | Learned a level 4 spell: Flame Wave
  9570 | D:6      | Killed Sigmund
 10040 | D:7      | Reached skill level 8 in Fighting
 10569 | D:2      | Bought a potion of curing for 66 gold pieces
 10569 | D:2      | Bought a murky grey potion for 19 gold pieces
 10569 | D:2      | Bought a scroll labelled UCWAOM NYCUU for 22 gold pieces
 10772 | D:7      | Identified the amulet "Mutij" {Reflect Regen+ Str-3 Int+4
                  | SH+5}
 10961 | D:7      | Reached skill level 9 in Fighting
 10986 | D:7      | Reached XP level 10. HP: 75/78 MP: 0/0
 11140 | D:7      | Found a staircase to the Ecumenical Temple.
 11152 | Temple   | Entered the Ecumenical Temple
 11319 | D:7      | Found an ornate altar of the Wu Jian Council.
 11601 | D:8      | Noticed a two-headed ogre
 11610 | D:8      | Killed a two-headed ogre
 11611 | D:8      | Reached skill level 10 in Fighting
 11680 | D:8      | Reached ** piety under Makhleb
 12203 | D:8      | You are sucked into a shaft and drop 1 floor!
 12251 | D:9      | Noticed a two-headed ogre
 12261 | D:9      | Killed a two-headed ogre
 12346 | D:9      | Reached skill level 11 in Fighting
 12392 | D:9      | Reached XP level 11. HP: 85/87 MP: 0/0
 12392 | D:9      | Learned a level 5 spell: Alistair's Intoxication
 12405 | D:9      | Found a staircase to the Lair.
 12907 | D:10     | Entered Level 10 of the Dungeon
 13070 | D:10     | Found a glowing golden altar of the Shining One.
 13106 | D:10     | Reached skill level 1 in Invocations
 13108 | D:10     | Reached *** piety under Makhleb
 13109 | D:10     | Reached skill level 1 in Shields
 13289 | D:10     | Noticed Sonja
 13412 | D:10     | Killed Sonja
 13430 | D:10     | Found a glowing silver altar of Zin.
 14104 | D:11     | Noticed a manticore
 14112 | D:11     | Killed a manticore
 14139 | D:11     | Noticed a two-headed ogre
 14153 | D:11     | Killed a two-headed ogre
 14389 | D:11     | Noticed a cyclops
 14396 | D:11     | Killed a cyclops
 14397 | D:11     | Reached skill level 12 in Fighting
 14397 | D:11     | Reached skill level 10 in Spellcasting
 14417 | D:11     | Reached XP level 12. HP: 95/95 MP: 0/0
 14600 | D:11     | Found a frozen archway.
 14632 | IceCv    | Entered an ice cave
 14656 | IceCv    | Reached **** piety under Makhleb
 14748 | IceCv    | Reached skill level 5 in Dodging
 14762 | IceCv    | Noticed a death yak
 14772 | IceCv    | Killed a death yak
 15180 | IceCv    | Noticed a death yak
 15194 | IceCv    | Noticed a death yak
 15198 | IceCv    | Killed a death yak
 15199 | IceCv    | Reached skill level 5 in Shields
 15199 | IceCv    | Reached skill level 5 in Invocations
 15205 | IceCv    | Killed a death yak
 15235 | IceCv    | Noticed a death yak
 15236 | IceCv    | Noticed a death yak
 15242 | IceCv    | Killed a death yak
 15246 | IceCv    | Killed a death yak
 15307 | IceCv    | Noticed an ironbound frostheart
 15307 | IceCv    | Noticed a death yak
 15307 | IceCv    | Noticed a death yak
 15307 | IceCv    | Noticed a death yak
 15307 | IceCv    | Noticed an ironbound frostheart
 15326 | IceCv    | Killed a death yak
 15327 | IceCv    | Reached XP level 13. HP: 57/102 MP: 0/0
 15327 | IceCv    | Learned a level 5 spell: Irradiate
 15338 | IceCv    | Killed an ironbound frostheart
 15348 | IceCv    | Reached skill level 13 in Fighting
 15352 | IceCv    | Killed an ironbound frostheart
 15383 | IceCv    | Gained mutation: You have hidden genetic defects.
                  | [mutagenic glow]
 15393 | IceCv    | Gained mutation: You sometimes lose your temper in combat.
                  | [mutagenic glow]
 16122 | D:12     | Reached XP level 14. HP: 110/110 MP: 0/0
 16331 | D:12     | Found a gate leading to a gauntlet.
 16554 | D:12     | Found a staircase to the Orcish Mines.
 16589 | D:12     | Reached ***** piety under Makhleb
 16939 | D:4      | Killed Menkaure
 17571 | Lair:1   | Entered Level 1 of the Lair of Beasts
 17751 | Lair:1   | Gained mutation: Your spells are a little easier to cast,
                  | but a little less powerful. [hidden defects]
 17773 | Lair:1   | You are sucked into a shaft and drop 1 floor!
 18304 | Lair:1   | Reached skill level 14 in Fighting
 18598 | Lair:2   | Found a hole to the Spider Nest.
 18622 | Lair:2   | Found a runed translucent door.
 18623 | Lair:2   | Identified the +0 trident "Beastbane" {heavy, rPois Will++
                  | rCorr Int-5}
 18624 | Lair:2   | Noticed Renzlar's ghost (journeyman GnFi)
 18680 | Lair:2   | Gained mutation: You are weak. (Str -2) [hidden defects]
 18680 | Lair:2   | Lost mutation: You have hidden genetic defects. [hidden
                  | defects expressed]
 19030 | Lair:2   | Identified the +0 ring mail of Eckattia {Str+4}
 19296 | Lair:2   | Noticed Maggie
 19303 | Lair:2   | Killed Maggie
 19544 | Lair:2   | Gained mutation: Your body sometimes deteriorates upon
                  | taking damage. [mutagenic glow]
 19548 | Lair:2   | Reached skill level 10 in Dodging
 19558 | Lair:2   | Gained mutation: You are strong-willed. (Will+) [mutagenic
                  | glow]
 19715 | Lair:2   | Lost mutation: Your spells are a little easier to cast, but
                  | a little less powerful. [potion of mutation]
 19715 | Lair:2   | Lost mutation: You are weak. (Str -2) [potion of mutation]
 19715 | Lair:2   | Lost mutation: You are strong-willed. (Will+) [potion of
                  | mutation]
 19872 | Lair:3   | Found a staircase to the Swamp.
 20024 | Lair:3   | Reached XP level 15. HP: 118/118 MP: 0/0
 20024 | Lair:3   | Learned a level 6 spell: Death Channel
 20040 | Lair:3   | Found a transporter.
 20041 | Lair:3   | Found a transporter.
 21624 | Lair:5   | Entered Level 5 of the Lair of Beasts
 21725 | Lair:5   | Noticed Nessos
 21733 | Lair:5   | Killed Nessos
 22224 | Lair:5   | Noticed Rupert
 22249 | Lair:5   | Killed Rupert
 22251 | Lair:5   | Reached ****** piety under Makhleb
 22311 | Lair:5   | Found a staircase to the Slime Pits.
 22319 | Lair:5   | Paralysed by a floating eye for 3 turns
 22321 | Lair:5   | Reached skill level 10 in Invocations
 22343 | Lair:5   | Reached skill level 15 in Fighting
 22540 | Lair:5   | Identified a scroll of acquirement
 22541 | Lair:5   | Acquired the staff of conjuration "Jius" {rC++ rCorr Dex-2
                  | SInv}
 22702 | Lair:5   | Reached XP level 16. HP: 73/126 MP: 0/0
 22737 | Lair:5   | Found a corrupted altar of Lugonu.
 22737 | Lair:5   | Found a one-way gate to the infinite horrors of the Abyss.
 23045 | Lair:2   | Killed Renzlar's ghost
 23406 | Orc:1    | Entered Level 1 of the Orcish Mines
 24035 | Orc:2    | Entered Level 2 of the Orcish Mines
 24153 | Orc:2    | Found a transporter.
 24425 | Orc:2    | Noticed Erolcha
 24434 | Orc:2    | Killed Erolcha
 24652 | Orc:2    | Noticed croobank's ghost (journeyman GnSu)
 24659 | Orc:2    | Found a transporter.
 24688 | Orc:2    | Found a staircase to the Elven Halls.
 25068 | Orc:2    | Found Yvia's Magic Scroll Shop.
 25070 | Orc:2    | Found Mat Ceu's Antique Armour Shop.
 25080 | Orc:2    | Bought a scroll of acquirement for 728 gold pieces
 25083 | Orc:2    | Acquired 650 gold pieces
 25145 | Orc:2    | Found Duublurch's Magic Scroll Emporium.
 25178 | Orc:2    | Found Wiprume's Jewellery Boutique.
 25229 | Orc:2    | Bought the ring "Bulosm" {rF++ rC++ Str+3 Int+6} for 1011
                  | gold pieces
 25416 | Orc:2    | Bought a scroll of enchant armour for 105 gold pieces
 25420 | Orc:2    | Bought a shiny helmet for 225 gold pieces
 25744 | D:13     | Noticed Lodul
 25762 | D:13     | Killed Lodul
 25793 | D:13     | Acquired the +1 helmet "Rurheus" {*Corrode +Inv Str+2
                  | Int+3}
 26034 | D:13     | Found a runed translucent door.
 26035 | D:13     | Noticed Temous's ghost (journeyman HuFi)
 26258 | D:13     | Found a gate to the Vaults.
 26390 | D:13     | Killed Temous's ghost
 26397 | D:13     | Identified the +0 scale mail of Shielding {rN+ MP+9}
 26530 | Orc:2    | Bought a pair of embroidered gloves for 225 gold pieces
 26562 | Orc:2    | Bought a scroll of blinking for 97 gold pieces
 26562 | Orc:2    | Bought a scroll of teleportation for 39 gold pieces
 26826 | D:14     | Reached skill level 16 in Fighting
 27262 | D:14     | Found a sparkling altar of Nemelex Xobeh.
 27914 | D:15     | Entered Level 15 of the Dungeon
 27921 | D:15     | Noticed Kirke
 27927 | D:15     | Killed Kirke
 28066 | D:15     | Gained mutation: You are dopey. (Int -2) [mutagenic glow]
 28080 | D:15     | Reached XP level 17. HP: 117/133 MP: 0/0
 28080 | D:15     | Learned a level 7 spell: Storm Form
 28083 | D:15     | Gained mutation: You are very dopey. (Int -4) [mutagenic
                  | glow]
 28090 | D:15     | Gained mutation: You occasionally shout uncontrollably at
                  | your foes. [mutagenic glow]
 28134 | D:15     | Gained mutation: You are clumsy. (Dex -2) [mutagenic glow]
 28526 | Lair:3   | Lost mutation: You sometimes lose your temper in combat.
                  | [potion of mutation]
 28526 | Lair:3   | Lost mutation: You are very dopey. (Int -4) [potion of
                  | mutation]
 28526 | Lair:3   | Lost mutation: Your body sometimes deteriorates upon taking
                  | damage. [potion of mutation]
 28526 | Lair:3   | Gained mutation: You are occasionally teleported next to
                  | monsters. [potion of mutation]
 28526 | Lair:3   | Gained mutation: You have supernaturally acute eyesight.
                  | (SInv) [potion of mutation]
 28527 | Lair:3   | Lost mutation: You occasionally shout uncontrollably at
                  | your foes. [potion of mutation]
 28527 | Lair:3   | Lost mutation: You are clumsy. (Dex -2) [potion of
                  | mutation]
 28527 | Lair:3   | Lost mutation: You are dopey. (Int -2) [potion of mutation]
 28527 | Lair:3   | Gained mutation: You sometimes lose your temper in combat.
                  | [potion of mutation]
 28527 | Lair:3   | Gained mutation: Your muscles are strong. (Str +4, Int/Dex
                  | -1) [potion of mutation]
 28966 | D:15     | Noticed Louise
 28989 | D:15     | Killed Louise
 29217 | D:15     | Found a staircase to the Depths.
 29280 | D:15     | Gained mutation: Your body sometimes deteriorates upon
                  | taking damage. [mutagenic glow]
 30222 | Orc:2    | Killed croobank's ghost
 30442 | Spider:1 | Entered Level 1 of the Spider Nest
 30756 | Spider:1 | Noticed Mlioglotl
 30761 | Spider:1 | Killed Mlioglotl
 31485 | Spider:2 | Noticed Azrael
 31505 | Spider:2 | Killed Azrael
 31705 | Spider:2 | Reached skill level 17 in Fighting
 31927 | Spider:2 | Reached XP level 18. HP: 77/142 MP: 0/0
 32832 | Spider:3 | Noticed Nikola
 32842 | Spider:3 | Killed Nikola
 33065 | Spider:3 | Reached skill level 15 in Dodging
 33305 | Spider:3 | Noticed Arachne
 33317 | Spider:3 | Killed Arachne
 33609 | Spider:3 | Noticed Aizul
 33623 | Spider:3 | Killed Aizul
 33880 | Spider:4 | Entered Level 4 of the Spider Nest
 34017 | Spider:4 | Reached XP level 19. HP: 150/150 MP: 0/0
 34017 | Spider:4 | Learned a level 6 spell: Simulacrum
 34275 | Spider:1 | Lost mutation: Your muscles are strong. (Str +4, Int/Dex
                  | -1) [potion of mutation]
 34275 | Spider:1 | Lost mutation: Your body sometimes deteriorates upon taking
                  | damage. [potion of mutation]
 34275 | Spider:1 | Gained mutation: Your mind is acute. (Int +4, Str/Dex -1)
                  | [potion of mutation]
 34276 | Spider:1 | Lost mutation: Your mind is acute. (Int +4, Str/Dex -1)
                  | [potion of mutation]
 34276 | Spider:1 | Lost mutation: You are occasionally teleported next to
                  | monsters. [potion of mutation]
 34276 | Spider:1 | Lost mutation: You sometimes lose your temper in combat.
                  | [potion of mutation]
 34429 | Spider:4 | Reached skill level 18 in Fighting
 35067 | Spider:4 | Got a gossamer rune of Zot
 35415 | Swamp:1  | Entered Level 1 of the Swamp
 35557 | Swamp:1  | Reached skill level 1 in Unarmed Combat
 36848 | Swamp:3  | Reached skill level 15 in Invocations
 37380 | Swamp:4  | Entered Level 4 of the Swamp
 37466 | Swamp:4  | Reached skill level 5 in Unarmed Combat
 37672 | Swamp:4  | Reached XP level 20. HP: 135/158 MP: 0/0
 37749 | Swamp:4  | Noticed the 27-headed Lernaean hydra
 37794 | Swamp:4  | Killed the 27-headed Lernaean hydra
 38109 | Swamp:4  | Got a decaying rune of Zot
 39147 | D:8      | Found a shimmering altar of Xom.
 39150 | D:8      | Found a hide-covered altar of Uskayaw.
 39739 | Vaults:1 | Entered Level 1 of the Vaults
 39916 | Vaults:1 | Found a transporter.
 39955 | Vaults:1 | Found a transporter.
 40209 | Vaults:1 | Reached skill level 10 in Unarmed Combat
 40736 | Vaults:1 | Identified the +8 short sword "Wovycadu" {heavy, rF+ MP+9}
 41570 | Vaults:2 | Reached XP level 21. HP: 97/164 MP: 0/0
 41570 | Vaults:2 | Learned a level 7 spell: Malign Gateway
 41727 | Vaults:2 | Noticed Boris
 41760 | Vaults:2 | Killed Boris
 41859 | Vaults:2 | Identified the +0 kite shield of Feicwurph {rElec rCorr
                  | Slay-5}
 42695 | Vaults:2 | Noticed Zenata
 42700 | Vaults:2 | Reached skill level 15 in Spellcasting
 42704 | Vaults:2 | Killed Zenata
 42940 | Vaults:3 | Found Mullur Viss's Book Boutique.
 43446 | Vaults:3 | Noticed Frederick
 43458 | Vaults:3 | Killed Frederick
 43627 | Vaults:3 | Found a staircase to the Crypt.
 43910 | Vaults:3 | Reached skill level 15 in Unarmed Combat
 43964 | Vaults:3 | Reached XP level 22. HP: 111/171 MP: 0/0
 44457 | Vaults:3 | Noticed Xtahua
 44469 | Vaults:3 | Killed Xtahua
 44525 | Vaults:3 | Found Mirutiet's Weapon Emporium.
 44598 | Vaults:4 | Reached skill level 19 in Fighting
 44787 | Vaults:4 | Noticed Saint Roka
 44814 | Vaults:4 | Killed Saint Roka
 45681 | Vaults:4 | Found Zoha's Armour Emporium.
 45759 | Vaults:4 | Bought the +3 leather armour of Imnulyf {rN+ Int+3 Dex+3}
                  | for 775 gold pieces
 46371 | Vaults:4 | Reached XP level 23. HP: 96/178 MP: 0/0
 46371 | Vaults:4 | Learned a level 7 spell: Monstrous Menagerie
 47321 | Vaults:5 | Entered Level 5 of the Vaults
 47629 | Elf:1    | Entered Level 1 of the Elven Halls
 47746 | Elf:1    | Noticed Asterion
 47759 | Elf:1    | Killed Asterion
 48750 | Elf:2    | Found a magical portal.
 48831 | Elf:2    | Found a runed translucent gate.
 48831 | Elf:2    | Found a runed translucent gate.
 48832 | Elf:2    | Found a runed translucent gate.
 49289 | WizLab   | Entered Maxwell's Workshop
 49455 | WizLab   | Identified a ring of Cosi {Fire rPois Will+ Dex-3}
 49535 | WizLab   | Identified a ring "Qomam" {Fire rPois Dex+3 Stlth+}
 49570 | WizLab   | Identified the +1 robe of Panic {rElec rF+ rC- rN+}
 49573 | WizLab   | Identified the amulet "Sealed" {Faith Harm rC+}
 49616 | WizLab   | Found the +2 Maxwell's thermic engine {flame, freeze, rev}
 50396 | Elf:3    | Entered Level 3 of the Elven Halls
 50444 | Elf:3    | Reached XP level 24. HP: 185/186 MP: 0/0
 50722 | Elf:3    | Reached skill level 20 in Fighting
 50745 | Elf:3    | Killed from afar by a deep elf high priest

Illustrated notes

Levels and vault maps discovered:
D:1:      dpeg_arrival_arbitrary_a, layout_basic, serial_shops,
          nicolae_shop_window_shopping
D:2:      layout_basic, serial_shops, nicolae_shop_statue_plus,
          dreamdust_mushroom_princess, uniq_natasha, uniq_crazy_yiuf_cottage,
          uniq_terence
D:3:      layout_rooms, bloody_makhleb, corexii_item_surrounded_by_moat,
          minmay_between
D:4:      layout_basic, uniq_menkaure, uniq_blork_the_orc
D:5:      layout_basic, mainiacjoe_overflow_catwalk, kennysheep_mini_moat
D:6:      layout_cave_pools, uniq_sigmund
D:7:      layout_loops_ring, pdpol_wu_jian_five_deadly_venoms,
          minmay_temple_entry_crystal_x
D:8:      layout_loops_corners, minitemple
D:9:      layout_gridville, lair_entry_dummy, minmay_misc_feat_room
D:10:     layout_basic, nicolae_tso_swordbearing_angel,
          nicolae_overflow_crystal_walls, uniq_sonja
D:11:     layout_irregular_city, portal_ice_cave_entry_imps
D:12:     layout_basic, minmay_orc_entry_temple_small, gauntlet_entry_generic
D:13:     layout_irregular_city, david_vaults_1, ebering_ghost_reflecting_pool,
          chequers_serial_rivers_large_a, hellmonk_bongcloud_opening, uniq_lodul
D:14:     layout_stronghold, chequers_serial_rivers_small_3,
          nemelex_lonely_heart_becter
D:15:     grunt_enter_depths_magical_seal, layout_basic, kennysheep_doodads,
          uniq_kirke, uniq_louise
Temple:   nicolae_temple_bog_church
Lair:1:   layout_loops_ring, grunt_megastairs_1
Lair:2:   layout_cave_pods, spider_nest_entry_a, ebering_ghost_funeral_grove,
          lemuel_fruit_tree, uniq_maggie
Lair:3:   gammafunk_boulding_lane, layout_long_grid, skrybe_swamp_entry_bodies,
          beast_lair_carwin_11
Lair:4:   layout_cellular_growth
Lair:5:   hellmonk_lair_end_abyssal_woods, layout_regular_city,
          minmay_slime_entry_eyes, grunt_megastairs_5, lemuel_fruit_fields,
          serial_bayou_shore_a, uniq_nessos, uniq_rupert
Swamp:1:  layout_basic_swamp, evilmike_swamp_ruin_house_5
Swamp:2:  layout_falls_marsh, evilmike_swamp_ruin_house_4
Swamp:3:  layout_basic_swamp, nicolae_swamp_well_well_well, swamp_pool4,
          nicolae_swamp_catching_bugs
Swamp:4:  swamp, layout_basic_swamp
Spider:1: layout_spider_delve, uniq_mlioglotl
Spider:2: layout_spider_delve, nicolae_spider_some_kinda_spiderbox, uniq_azrael
Spider:3: layout_spider_delve, nicolae_spider_rock_and_or_roll,
          hangedman_spider_tarantella_strand, uniq_arachne, uniq_aizul,
          uniq_nikola
Spider:4: grunt_spider_rune_island
Orc:1:    layout_diamond_mine
Orc:2:    hellmonk_orc_salted, layout_caves, gammafunk_ghost_arena,
          abandoned_shop, uniq_erolcha
Elf:1:    elf_arrival_001, layout_geoelf_octagon, hangedman_corner_corridor,
          uniq_asterion
Elf:2:    elven_hall_of_blades_hangedman_original [nooodl_blade_entry_preview],
          layout_loops_cross, mu_enter_wizlab_5
Elf:3:    minmay_elf_hall_spiked, layout_rooms, minmay_shop_grove
Vaults:1: nicolae_vaults_trapezoid_lopsided_1, gammafunk_its_a_trap,
          grunt_vaults_hallway_short, v_misc_8, nicolae_vaults_little_squares_6,
          ontoclasm_vaults_chip, v_misc_11, vaults_dpeg_hooks,
          nicolae_vaults_asterisk, layout_vaults_omnigrid
Vaults:2: nicolae_vaults_cochlea, nicolae_vaults_door_testing_chamber, st_lines,
          serial_ice_m, ontoclasm_vaults_spin, ontoclasm_vaults_ligature,
          nicolae_vaults_three_branches, vaults_dpeg_emergency_exit,
          nicolae_vaults_shelves_hall, vaults_mumra_hex,
          nicolae_vaults_rhombus_6, layout_vaults_big_cross, uniq_boris,
          uniq_zenata
Vaults:3: v_alt_pattern_6, nicolae_vaults_murder_corner,
          nicolae_vaults_network_quinsquares
          [nicolae_vaults_network_quincunx_subvault,
          nicolae_vaults_network_quincunx_subvault,
          nicolae_vaults_network_quincunx_subvault,
          nicolae_vaults_network_quincunx_subvault],
          nicolae_vaults_little_squares_5, nicolae_vaults_diagonal_hallway_8,
          minmay_crypt_entry_simple_sparse, nicolae_vaults_meiosis,
          nicolae_vaults_closet_pinwheel_1, grunt_vaults_bifocal,
          nicolae_vaults_taking_the_gang_shopping,
          nicolae_vaults_mini_display_case, nicolae_vaults_asterisk,
          layout_vaults_ring, serial_shops, nicolae_shop_waterfront,
          uniq_frederick, uniq_xtahua
Vaults:4: v_rooms_6, v_misc_14, nicolae_vaults_network_barrier, v_misc_23,
          st_greater_box_5, dpeg_vaults_monster_box, ontoclasm_vaults_bender,
          v_rooms_5, nicolae_vaults_more_shelving_1,
          nicolae_vaults_circle_grid_b, nicolae_vaults_storage_room_water,
          nicolae_vaults_tetromino_T_2, ontoclasm_vaults_chip, serial_ice_b,
          layout_vaults_maze_bifur, uniq_saint_roka
Vaults:5: uniq_margery, uniq_sojobo

Skill      XL: |  1  2  3  4  5  6  7  8  9 10 11 12 13 14 15 16 17 18 19 20 21 22 23 24 |
---------------+-------------------------------------------------------------------------+-----
Fighting       | 1 2 3 4 5 7 9 11 12 13 14 15 16 17 18 19 20 | 20.0
Spellcasting   | 4 5 6 7 9 10 11 12 13 14 15 16 | 16.1
Invocations    | 3 5 7 9 10 11 13 14 15 16 | 16.9
Shields        | 3 5 |  5.0
Dodging        | 4 6 8 10 11 13 14 15 16 17 18 | 18.5
Unarmed Combat | 5 12 15 16 17 | 17.9
Stealth        | |  1.5

Action                     |  1- 3 |  4- 6 |  7- 9 | 10-12 | 13-15 | 16-18 | 19-21 | 22-24 || total
---------------------------+-------+-------+-------+-------+-------+-------+-------+-------++-------
  Melee: Staff             |     1 |    19 |    30 |   109 |    22 |    22 |     6 |     6 ||   215
         Unarmed           |       |       |       |       |       |   115 |   312 |   327 ||   754
         Punch             |       |       |       |       |       |     3 |    32 |    49 ||    84
  Throw: Dart              |       |       |     4 |     2 |     2 |       |       |       ||     8
         Boomerang         |       |       |       |     1 |       |       |       |       ||     1
   Cast: Freeze            |    24 |     2 |    36 |   102 |   169 |   333 |       |     2 ||   668
         Frozen Ramparts   |    10 |    46 |    39 |    68 |    78 |   141 |    38 |    58 ||   478
         Ozocubu's Armour  |     8 |    38 |    38 |    55 |    74 |   131 |    65 |    55 ||   464
         Sting             |     2 |    20 |    69 |   100 |    46 |   116 |    19 |    18 ||   390
         Passwall          |       |     4 |       |       |       |       |       |       ||     4
         Summon Ice Beast  |       |       |     9 |    25 |    57 |   108 |    31 |    20 ||   250
         Flame Wave        |       |       |     1 |     3 |       |       |       |       ||     4
         Alistair's Intoxi |       |       |       |     1 |     1 |     3 |       |       ||     5
         Volatile Blastmot |       |       |       |     2 |       |     2 |     1 |       ||     5
         Irradiate         |       |       |       |       |    24 |    26 |     7 |     1 ||    58
         Death Channel     |       |       |       |       |    22 |    65 |    39 |    35 ||   161
         Storm Form        |       |       |       |       |       |    13 |    57 |    42 ||   112
         Simulacrum        |       |       |       |       |       |       |   287 |   207 ||   494
         Monstrous Menager |       |       |       |       |       |       |       |     2 ||     2
         Malign Gateway    |       |       |       |       |       |       |       |     1 ||     1
 Invoke: Lesser Servant of |       |       |       |     1 |       |       |       |       ||     1
         Greater Servant o |       |       |       |       |     1 |     3 |    11 |     2 ||    17
         Major Destruction |       |       |       |       |       |       |     6 |       ||     6
Ability: Blinkbolt         |       |       |       |       |       |    10 |    39 |    31 ||    80
    Use: Scroll            |     2 |     8 |     7 |     9 |    11 |     8 |     7 |     1 ||    53
         Potion            |       |       |     4 |     4 |     6 |     6 |     8 |     2 ||    30
   Stab: Distracted        |       |       |       |       |     1 |     3 |     7 |     4 ||    15
         Invisible         |       |       |       |       |       |     4 |     1 |       ||     5
         Sleeping          |       |       |       |       |       |       |       |     1 ||     1
 Armour: Robe              |     8 |    15 |    54 |       |       |       |       |       ||    77
         Steam dragon scal |       |       |    18 |    46 |       |       |       |       ||    64
         Troll leather arm |       |       |       |    93 |   136 |   320 |    31 |     4 ||   584
         Leather armour    |       |       |       |     1 |     5 |       |       |     1 ||     7
         Skin              |       |       |       |       |       |    95 |   169 |   126 ||   390
  Dodge: Dodged            |    19 |    26 |    91 |   142 |   193 |   876 |   921 |   648 ||  2916
  Block: Other             |       |       |       |    16 |       |    69 |   151 |    96 ||   332
         Buckler           |       |       |       |   115 |   192 |   469 |    53 |    13 ||   842
         Reflection        |       |       |       |     2 |     3 |    18 |    11 |    17 ||    51
